 Dungeon Crawl Stone Soup version 0.27-a0-1590-g15f69828bf (webtiles) character file.

Game seed: 3282397684251682076

622 Sobieck the Ducker (level 7, -3/53 HPs)
             Began as a Vampire Gladiator on July 18, 2021.
             Slain by a gnoll sergeant (8 damage)
             ... on level 5 of the Dungeon.
             The game lasted 00:10:05 (3033 turns).

Sobieck the Ducker (Vampire Gladiator)              Turns: 3033, Time: 00:10:06

Health: -3/53      AC:  6    Str: 15    XL:     7   Next: 22%
Magic:  7/7        EV: 12    Int: 10    God:
Gold:   134        SH:  9    Dex: 22    Spells: 6/6 levels left

rFire    . . .     SeeInvis +   a - +0 long sword {long}
rCold    . . .     Faith    .   o - +0 kite shield
rNeg     . . .     Spirit   .   b - +0 leather armour
rPois    +         Reflect  .   c - +1 helmet
rElec    .         Harm     .   m - +0 cloak
rCorr    .         Rampage  .   (no gloves)
Will     .....                  (no boots)
Stlth    +++.......             (no amulet)
HPRegen  0.37/turn              n - ring of poison resistance
MPRegen  0.10/turn              B - +6 ring of dexterity

@: weak-willed, healing quickly
A: alive, fangs 3, see invisible, vampiric 2
a: Exsanguinate


You were on level 5 of the Dungeon.
You visited 1 branch of the dungeon, and saw 6 of its levels.

You collected 134 gold pieces.


Innate Abilities, Weirdness & Mutations

Your natural rate of healing is accelerated.
You have razor-sharp teeth.
You have supernaturally acute eyesight. (SInv)
You are afflicted with vampirism and can become a bat while bloodless.


   Skills:
 + Level 3.6 Fighting
 + Level 4.7 Long Blades
 - Level 1.5 Throwing
 + Level 5.2 Dodging
 - Level 5.0 Stealth
 + Level 2.5 Shields


You had 6 spell levels left.
You didn't know any spells.
Your spell library contained the following spells:

 Spells                   Type           Power      Damage    Failure   Level
 Animate Skeleton         Necr           0%         N/A       94%         1
 Apportation              Tloc           0%         N/A       94%         1
 Corona                   Hex            0%         N/A       94%         1
 Summon Small Mammal      Summ           0%         N/A       94%         1
 Slow                     Hex            0%         N/A       98%         2
 Confusing Touch          Hex            0%         N/A       100%        3
 Yara's Violent Unravell  Hex/Tmut       0%         3d3       100%        5

Inventory:

Hand Weapons
 a - a +0 long sword (weapon) {long}
 k - a +0 dagger of speed {short}
   (You took it off a goblin on level 1 of the Dungeon)
Missiles
 d - 3 throwing nets {=f!fthrowing}
 e - 103 stones {throwing}
 h - 90 arrows
 i - 6 sling bullets
 p - 33 poisoned darts (quivered) {throwing}
 v - 38 bolts
Armour
 b - a +0 leather armour (worn)
 c - a +1 helmet (worn)
 m - a +0 cloak (worn)
   (You found it on level 1 of the Dungeon)
 o - a +0 kite shield (worn)
   (You found it on level 2 of the Dungeon)
Jewellery
 n - a ring of poison resistance (left hand)
   (You found it on level 3 of the Dungeon)
 q - a ring of wizardry
   (You found it on level 2 of the Dungeon)
 t - a ring of positive energy
   (You found it on level 5 of the Dungeon)
 w - a ring of fire
   (You found it on level 6 of the Dungeon)
 B - a +6 ring of dexterity (right hand)
   (You found it on level 5 of the Dungeon)
Wands
 r - a wand of digging (3)
   (You found it on level 2 of the Dungeon)
 u - a wand of charming (6)
   (You found it on level 4 of the Dungeon)
 x - a wand of flame (11)
   (You found it on level 6 of the Dungeon)
Scrolls
 g - 2 scrolls of identify {@r1}
Potions
 f - 3 potions of magic
 j - a potion of resistance
 l - a potion of flight
 s - a potion of ambrosia

Dungeon Overview and Level Annotations

Branches:
Dungeon (6/15)
 Temple: D:4-7

Altars:
Ashenzari
Dithmenos
Fedhas
Qazlal
Wu Jian

Shops:
D:1 :=   D:3 [ D:4

[
..................##
....##.............#
....#..†...........#
......§..).........#
....§≈§≈≈≈≈§§§...###
...§§§§.........##
....§≈.#.###§§g##
....§≈§#...#.≈.5###
....§§.#._.#.≈Zg@.#
.....≈.#...#.§.g###
#....≈.###.#.§..#
.....≈.......§..#
#....≈≈≈≈≈≈≈§§..#
.###............#
..# ...##########
..# #### .##


You could see a gnoll sergeant (weak-willed), 2 gnolls, a white imp
(weak-willed) and a bullfrog zombie (weak-willed).


Message History

You hit the shadow imp but do no damage.
You bite the shadow imp.
You block the shadow imp's attack. 😕 HP[+1] 😕 HP[+1]
The white imp sputters. 😎 HP[+1]
Your hp is fully restored (52).
You block the bullfrog zombie's attack. The shadow imp hits you. 😕 HP[-1]
You take 1 damage, and now have 51/52 hp. 😎 HP[+1]
Your hp is fully restored (52).
Why would you want to do that? The white imp gestures at you.
The puff of frost hits you!
The bullfrog zombie misses you. 😕 HP[-7]
You take 7 damage, and now have 45/52 hp.
The white imp gestures at you. The puff of frost hits you!
The shadow imp lashes its tail. 😮 HP[-7]
You take 7 damage, and now have 38/52 hp.
You block the bullfrog zombie's attack. 😮 HP[+1]
You slash the bullfrog zombie!
The bullfrog zombie barely misses you. 😕 HP[+1]
You hit the gnoll. The gnoll barely misses you.
The gnoll shouts!
You hit the gnoll but do no damage. You block the gnoll's attack. 😕 HP[+1]
You closely miss the gnoll. You bite the gnoll. You block the gnoll's attack.
The gnoll hits you but does no damage.
You hit the gnoll. You block the gnoll's attack. 😕 HP[+1]
You completely miss the gnoll. The gnoll hits you with a +0 whip.
The gnoll sergeant barely misses you. The gnoll misses you.
The gnoll sergeant hits you from afar with a +0 trident! 😮 HP[-14]
You take 14 damage, and now have 28/52 hp.
MASSIVE DAMAGE!! (PAUSE)
Okay, then.
As you read the scroll labelled AJOCVA SULIE, it crumbles to dust.
Magic quickly surges around you.
It was a scroll of vulnerability.
The gnoll sergeant hits you but does no damage.
The gnoll closely misses you.
You riposte.
You closely miss the gnoll. 😮 HP[+1]
As you read the scroll labelled ENEOKK SUFU, it crumbles to dust.
You hear a loud clanging noise!
It was a scroll of noise.
The gnoll shouts!
The gnoll sergeant hits you but does no damage.
The gnoll hits you with a +0 whip.
* * * LOW HITPOINT WARNING * * *
😨 HP[-3]
You take 3 damage, and now have 26/52 hp.
Unknown command.
It was a potion of heal wounds.
You feel much better.
The gnoll sergeant hits you from afar with a +0 trident!
The gnoll misses you.
You riposte.
You hit the gnoll.
You kill the gnoll! 😕 HP[+17]
You regained 17 hp, and now have 43/52 hp.
Okay, then.
Unknown command.
You block the shadow imp's attack. The white imp gestures at you.
The puff of frost misses you.
The gnoll sergeant hits you with a +0 trident!
You see here a +0 whip {mace}. 😮 HP[-10]
You take 10 damage, and now have 33/52 hp.
You slash the gnoll sergeant! The shadow imp completely misses you.
The white imp gestures at you. The puff of frost hits you.
You block the gnoll's attack. You block the gnoll sergeant's attack.
The shadow imp grins evilly.
The shadow imp hits you but does no damage. 😮 HP[-5]
You take 5 damage, and now have 28/52 hp.
Unknown command.
You hit the gnoll sergeant but do no damage.
You block the white imp's attack.
The gnoll hits you from afar with a +2 halberd of protection!
* * * LOW HITPOINT WARNING * * *
The gnoll sergeant barely misses you. The shadow imp barely misses you.
You riposte.
You slash the shadow imp!
You kill the shadow imp!
You block the white imp's attack.
The gnoll hits you from afar with a +2 halberd of protection.
* * * LOW HITPOINT WARNING * * *
The gnoll sergeant blocks your attack. You block the bullfrog zombie's attack.
The gnoll sergeant closely misses you.
You riposte.
You hit the gnoll sergeant. Your bite misses the gnoll sergeant.
The white imp gestures at you. The puff of frost hits you.
* * * LOW HITPOINT WARNING * * *
The gnoll hits you from afar with a +2 halberd of protection!
* * * LOW HITPOINT WARNING * * *
The gnoll sergeant hits you with a +0 trident!
You die...

Skill      XL: |  1  2  3  4  5  6 |
---------------+-------------------+-----
Stealth        | 1 2 3 4 5 |  5.0
Fighting       | 2 3 |  3.6
Dodging        | 4 5 |  5.2
Shields        | 1 2 |  2.5
Long Blades    | 4 |  4.7
Throwing       | |  1.5

Action                   |  1- 3 |  4- 6 |  7- 9 || total
-------------------------+-------+-------+-------++-------
Melee: Long sword        |    98 |   142 |    22 ||   262
       Bite              |     4 |    22 |     6 ||    32
Throw: Dart              |       |       |     2 ||     2
  Use: Scroll            |     2 |     4 |     2 ||     8
       Potion            |       |       |     1 ||     1
 Stab: Sleeping          |     7 |     6 |       ||    13
Armor: Leather armour    |    38 |    49 |     9 ||    96
Dodge: Dodged            |    75 |   111 |    17 ||   203
Block: Kite shield       |       |       |    18 ||    18
       Rpst.: Long sword |    21 |    33 |     4 ||    58

Levels and vault maps discovered:
D:1:      dpeg_arrival_circle_labyrinth_c, layout_loops_cross, serial_shops,
          shop, shop, st_stairs_7
D:2:      layout_rooms
D:3:      layout_basic, mainiacjoe_overflow_six_doors_small,
          nicolae_wu_jian_immortal_techniques, fedhas_altar_2, serial_rivers,
          chequers_serial_rivers_small_a, chequers_serial_rivers_room_b,
          chequers_serial_rivers_micro_a, chequers_serial_rivers_room_a,
          hellmonk_ecumenical_altar_zigzags, serial_shops, shop,
          minmay_misc_feat_plants, bh_walls_and_bars
D:4:      layout_rooms, nicolae_ru_sacrificial_ziggurat,
          biasface_ghost_orc_armoury, serial_shops, nicolae_square_shop
D:5:      layout_cave_pools, mainiacjoe_overflow_brackets
D:6:      layout_loops_ring, mainiacjoe_overflow_concentric_impassable,
          grunt_ministairs_13, uniq_grinder, uniq_edmund, uniq_eustachio

Notes
Turn   | Place    | Note
-------+----------+-------------------------------------------
     0 | D:1      | Sobieck the Vampire Gladiator began the quest for the Orb.
     0 | D:1      | Reached XP level 1. HP: 16/16 MP: 1/1
     0 | D:1      | magus.rc [v1.9.6]
   308 | D:1      | Reached skill level 1 in Stealth
   325 | D:1      | Reached skill level 2 in Fighting
   326 | D:1      | Reached XP level 2. HP: 22/22 MP: 2/2
   516 | D:1      | Found Xymiles's Jewellery Shoppe.
   547 | D:1      | Found Xogg's Book Boutique.
   600 | D:1      | Reached skill level 2 in Stealth
   672 | D:1      | Gained mutation: You are afflicted with vampirism and can
                  | become a bat while bloodless. [Vampire growth]
   672 | D:1      | Reached XP level 3. HP: 27/27 MP: 3/3
   931 | D:5      | Entered Level 5 of the Dungeon
  1080 | D:2      | Reached XP level 4. HP: 34/34 MP: 4/4
  1081 | D:2      | Reached skill level 4 in Dodging
  1210 | D:2      | Reached skill level 3 in Stealth
  1372 | D:2      | You pick up a book of Misfortune and begin reading...
  1372 | D:2      | You add the spells Slow, Confusing Touch and Yara's Violent
                  | Unravelling to your library.
  1690 | D:3      | Found a faded altar of an unknown god.
  1749 | D:3      | Found a blossoming altar of Fedhas.
  1851 | D:3      | Found Soecs's Antique Armour Shoppe.
  1857 | D:3      | Reached XP level 5. HP: 39/39 MP: 5/5
  1945 | D:4      | Reached skill level 1 in Shields
  2038 | D:4      | Reached skill level 4 in Long Blades
  2053 | D:3      | Found an ornate altar of the Wu Jian Council.
  2211 | D:3      | Found a stormy altar of Qazlal.
  2367 | D:4      | Found Geraec's Armour Shop.
  2373 | D:4      | You fall into a shaft and drop 2 floors!
  2373 | D:6      | Found a broken altar of Ashenzari.
  2377 | D:6      | Noticed a sky beast
  2410 | D:6      | Reached skill level 3 in Fighting
  2410 | D:6      | Reached skill level 4 in Stealth
  2410 | D:6      | Reached XP level 6. HP: 30/47 MP: 6/6
  2482 | D:6      | HP: 9/47 [centaur (4)]
  2603 | D:6      | Killed a sky beast
  2604 | D:6      | Reached skill level 2 in Shields
  2731 | D:6      | You pick up a book of Cantrips and begin reading...
  2731 | D:6      | You add the spells Corona, Animate Skeleton, Summon Small
                  | Mammal and Apportation to your library.
  2777 | D:6      | Noticed an orc warrior
  2881 | D:5      | Reached skill level 5 in Dodging
  2881 | D:5      | Reached skill level 5 in Stealth
  2881 | D:5      | Reached XP level 7. HP: 52/52 MP: 7/7
  2913 | D:5      | Found a shadowy altar of Dithmenos.
  3033 | D:5      | HP: 5/53 [gnoll (10)]
  3033 | D:5      | Slain by a gnoll sergeant

Vanquished Creatures
  A sky beast (D:6)
  An ogre (D:5)
  A centaur (D:6)
  A kobold brigand (D:6)
  A scorpion (D:5)
  2 hounds
  An iguana (D:4)
  A gnoll (D:5)
  4 adders
  A shadow imp (D:5)
  2 ufetubi (D:5)
  3 worms
  2 dart slugs
  An orc (D:6)
  5 bats
  8 endoplasms
  5 giant cockroaches
  8 goblins
  4 hobgoblins
  2 jackals (D:1)
  5 quokkas
  8 ball pythons
  5 frilled lizards
  9 kobolds
  5 rats
86 creatures vanquished.

Table legend:
 A = Non-vault XP
 B = Vault XP
 C = Vault XP percentage of total XP
 D = Non-vault monster count
 E = Vault monster count
 F = Vault count percentage of total count
                 A         B        C        D         E       F
            +---------+---------+-------+---------+---------+-------
      Total |     885 |       4 |   0.4 |      84 |       2 |   2.3
            +---------+---------+-------+---------+---------+-------
        D:1 |      40 |       4 |   9.1 |      25 |       2 |   7.4
        D:2 |      78 |       0 |   0.0 |      22 |       0 |   0.0
        D:3 |      87 |       0 |   0.0 |      17 |       0 |   0.0
        D:4 |      38 |       0 |   0.0 |       2 |       0 |   0.0
        D:5 |     292 |       0 |   0.0 |       8 |       0 |   0.0
        D:6 |     350 |       0 |   0.0 |      10 |       0 |   0.0
            +---------+---------+-------+---------+---------+-------

Illustrated notes

Table legend:
 A = Kills in this place as a percentage of kills in entire the game.
 B = Kills by you in this place as a percentage of kills by you in the entire game.
 C = Kills by friends in this place as a percentage of kills by friends in the entire game.
 D = Other kills in this place as a percentage of other kills in the entire game.
 E = Experience gained in this place as a percentage of experience gained in the entire game.
 F = Experience gained in this place divided by the number of levels of this place that you have seen.
                   A       B       C       D       E      F
               +-------+-------+-------+-------+-------+----------------------
         Total | 100.0 | 100.0 |   N/A |   N/A | 100.0 | 148.2
       Dungeon | 100.0 | 100.0 |   N/A |   N/A | 100.0 | 148.2
               +-------+-------+-------+-------+-------+----------------------

Table legend: (Time is in decaauts)
 A = Elapsed time spent in this place.
 B = Non-inter-level travel time spent in this place.
 C = Inter-level travel time spent in this place.
 D = Time resting spent in this place.
 E = Time spent auto-exploring this place.
 F = Levels seen in this place.
 G = Mean time per level.
                   A        B        C        D        E       F      G
               +--------+--------+--------+--------+--------+-----+--------+
         Total |   3110 |   2961 |    149 |    264 |   1733 |   6 |  518.3 |
       Dungeon |   3110 |   2961 |    149 |    264 |   1733 |   6 |  518.3 |
               +--------+--------+--------+--------+--------+-----+--------+

Top non-repeatable levels by time:
     D:1: 897 daAuts
     D:3: 802 daAuts
     D:2: 585 daAuts
     D:6: 510 daAuts
     D:5: 195 daAuts
     D:4: 117 daAuts
